Sir Daylin, lawful male human Knight ------- |.....| |.....| |.....| |.....| |....+.# |<....|# ----.--# # # ### # ### # ------------- ###|.........I^+ #-.........II| |...........| ------------- Sir Daylin the Bachelor Experience level: 6 Strength: 15 Dexterity: 12 Constitution: 6 Intelligence: 8 Wisdom: 15 Charisma: 17 Health: 0(48) Energy: 24(24) Def: 9 Gold: 593 Moves: 3332 Dungeon seed: _n2H58vLznkYnJR1 Game ID: Sir Daylin_1543329405 Your Inventory: Coins $ - 593 gold pieces Weapons a - a +1 long sword (weapon in hand) b - a +1 lance k - a +0 bow Armor e - an uncursed +1 ring mail (being worn) n - an uncursed +0 helmet (being worn) q - an uncursed +0 small shield (being worn) r - an uncursed +0 pair of leather gloves (being worn) y - an uncursed +0 pair of high boots (being worn) N - an uncursed +0 mummy wrapping Comestibles c - 10 uncursed apples d - 12 uncursed carrots h - an uncursed pancake p - 3 uncursed food rations u - an uncursed tripe ration Scrolls g - an uncursed scroll of teleportation i - 2 uncursed scrolls of confuse monster v - a cursed scroll of blank paper z - 3 uncursed scrolls of blank paper A - an uncursed scroll of create monster B - a cursed scroll of taming G - an uncursed scroll of light H - an uncursed scroll of identify J - a cursed scroll of teleportation O - an uncursed scroll of enchant weapon Potions j - an uncursed potion of water o - an uncursed potion of blindness C - an uncursed potion of oil Rings M - an uncursed ring of teleport control Wands w - a wand of teleportation (0:6) D - a wand of teleportation (0:8) E - a wand of make invisible (0:5) Tools t - an uncursed stethoscope L - a magic marker (0:91) Gems Y - 2 uncursed jasper stones Spells and supernatural/magical abilities: Name Level Category Fail Memory l - light 1 divination 100% 94% W - pray for help -- divine ? -- X - turn undead -- divine ? -- Y - supernatural jump -- ability ? -- Your skills at the end: Fighting Skills riding [Basic] Weapon Skills long sword [Basic] lance [Basic] Spellcasting Skills Final Attributes: You were piously aligned. You were blinded. You could jump. You were riding your pony. You are dead. Vanquished creatures: a vampire bat a rock mole a pony a shrieker a kobold mummy a gray ooze a paper golem a homunculus a rabid rat a giant bat 3 orc zombies 2 wererats an iguana 2 acid blobs 4 coyotes 11 manes 5 giant rats a cave spider 9 garter snakes a gnome zombie 2 geckos 9 jackals 2 goblins 2 sewer rats 3 grid bugs 3 bats 3 lichens 4 kobold zombies 5 newts 82 creatures vanquished. Voluntary challenges: You followed a strict vegan diet. You were an atheist. You used a wielded weapon 106 times, starting on turn 112. You read items or engraved 4 times, starting on turn 575. You never genocided any monsters. You never polymorphed an object. You never changed form. You used no wishes. You never split a pudding. You wrote Elbereth's name 1 time, starting on turn 575. You violated your moral code, losing 5 points of alignment, starting on turn 2112. Dungeon overview: The Dungeons of Doom: levels 1 to 10 Level 1 a long staircase Level 2 a hardware shop, a fountain, a sink Level 3 a general store, a fountain a long staircase Level 4 an altar to Manannan Mac Lir Level 5 many fountains Level 6 a potion shop, some fountains a long staircase Level 7 a fountain Level 8 a fountain Level 9 Level 10 <- You were here History has recorded: On T:1 you entered the Dungeons of Doom to retrieve the Amulet of Yendor! On T:221 you reached level 2 of The Dungeons of Doom. On T:414 you advanced to experience level 2. On T:571 you reached level 3 of The Dungeons of Doom. On T:808 you advanced to experience level 3. On T:1008 you reached level 4 of The Dungeons of Doom. On T:1333 you reached level 5 of The Dungeons of Doom. On T:1443 you advanced to experience level 4. On T:1718 you reached level 6 of The Dungeons of Doom. On T:2300 you reached level 7 of The Dungeons of Doom. On T:2483 you advanced to experience level 5. On T:2680 you reached level 8 of The Dungeons of Doom. On T:2989 you reached level 9 of The Dungeons of Doom. On T:3235 you advanced to experience level 6. On T:3275 you reached level 10 of The Dungeons of Doom. Score breakdown: Gold: 593 ( 9435 points) Experience: 6 levels (12456 points) Exploration: 10 levels ( 19.61%) (12727 points) Discoveries: 4 items ( 1.63%) ( 3825 points) Valuables value: (no points given unless you survive) Artifact value: 0 ( 0 points) Variety of kills: 29 monsters ( 7.61%) ( 8276 points) Turncount: 3332 turns ( -755 points) Survival: died (score multiplied by 80%) Total score: 36771 Latest messages: It hits! Please move the cursor to an unknown object. A remembered, unseen, creature on the floor of a room. Please move the cursor to an unknown object. The floor of a room. You have a peculiar feeling for a moment, then it passes. (You can name a sky blue potion from the item naming menu.) It hits! That is a silly thing to drink. You feel lackluster. You hear some noises. You can't lead your pony through that closed door. (2x) This tastes like water. It hits! You die... Your body rises from the dead as a human mummy... Final status: Fare thee well Sir Daylin the Knight, killed by an elf mummy... You died in The Dungeons of Doom on dungeon level 10 with 36771 points, and 593 pieces of gold, after 3332 moves. You were level 6 with a maximum of 48 hit points when you died.